 Dungeon Crawl Stone Soup version 0.31-a0-1-g4198be8af4 (webtiles) character file.

Game seed: 4087128825707581609

1563 dracfodder the Conjurer (level 8, -3/60 HPs)
             Began as a White Draconian Conjurer on Apr 23, 2023.
             Was an Initiate of Vehumet.
             Slain by a wraith (8 damage)
             ... on level 6 of the Dungeon on Apr 30, 2023.
             The game lasted 00:37:35 (6937 turns).

dracfodder the Conjurer (White Draconian Conjurer)  Turns: 6937, Time: 00:37:36

Health: -3/60      AC: 10    Str:  9    XL:     8   Next: 58%
Magic:  4/17       EV: 12    Int: 20    God:    Vehumet [......]
Gold:   193        SH:  0    Dex: 11    Spells: 4/19 levels left

rFire   . . .        a - +3 quarterstaff (chaos)
rCold   + . .        (shield currently unavailable)
rNeg    . . .        (body armour unavailable)
rPois   .            (helmet restricted)
rElec   .            h - +1 cloak
rCorr   .            f - +1 pair of gloves
SInv    .            (no boots)
Will    .....        (no amulet)
Stlth   ++           e - ring of wizardry
HPRegen 0.30/turn    (no ring)
MPRegen 0.15/turn

%: wizardry (x1)
@: hasted and slowed
A: breathe frost, AC +6, unfitting armour, cold resistance 1, cold-blooded
a: Breathe Frost, Renounce Religion


You were on level 6 of the Dungeon.
You worshipped Vehumet.
Vehumet was noncommittal.
You visited 2 branches of the dungeon, and saw 7 of its levels.

You collected 214 gold pieces.
You spent 21 gold pieces at shops.

Inventory:

Hand Weapons
 a - a +3 quarterstaff of chaos (weapon)
 b - a +2 dagger of electrocution
 m - a +4 short sword of venom
 q - the +0 dagger of the Shoals {protect, rF++ rC+}
   (You found it on level 5 of the Dungeon)

   rF:        It greatly protects you from fire.
   rC:        It protects you from cold.
Missiles
 c - 6 silver javelins
Armour
 f - a +1 pair of gloves (worn)
 h - a +1 cloak (worn)
Jewellery
 e - a ring of wizardry (left hand)
Scrolls
 d - 2 scrolls of brand weapon
 o - a scroll of teleportation {unknown}
 r - a scroll of fear {unknown}
Potions
 i - a potion of brilliance {unknown}
 k - 2 potions of resistance {unknown}
 l - a potion of magic
 n - a potion of mutation {unknown}


   Skills:
 + Level 1.7 Fighting
 + Level 1.8 Short Blades
 + Level 1.5 Staves
 + Level 0.6 Throwing
 + Level 2.8 Dodging
 + Level 3.5 Stealth
 + Level 6.2 Spellcasting
 + Level 7.8 Conjurations


You had 4 spell levels left.
You knew the following spells:

 Your Spells              Type           Power      Damage    Failure   Level
a - Magic Dart            Conj           100%       1d8       1%          1
b - Searing Ray           Conj           74%        2d7       1%          2
c - Dazzling Flash        Conj/Hex       44%        N/A       2%          3
d - Fulminant Prism       Conj/Hex       11%        3d8       9%          4
e - Iskenderun's Mystic   Conj/Tloc      22%        2d6       9%          4
f - Apportation           Tloc           12%        N/A       4%          1

Your spell library contained the following spells:

 Spells                   Type           Power      Damage    Failure   Level
 Hailstorm                Conj/Ice       21%        3d6       2%          3
 Freeze                   Ice            24%        1d4       4%          1
 Necrotise                Necr           24%        1d5       4%          1
 Summon Small Mammal      Summ           24%        N/A       4%          1
 Lesser Beckoning         Tloc           12%        N/A       6%          2
 Call Canine Familiar     Summ           6%         N/A       12%         3
 Frozen Ramparts          Ice            12%        1d2       12%         3
 Gell's Gravitas          Tloc           6%         N/A       12%         3
 Summon Guardian Golem    Hex/Summ       6%         N/A       12%         3
 Teleport Other           Tloc           6%         N/A       12%         3


Dungeon Overview and Level Annotations

Branches:
Dungeon (6/15)             Temple (1/1) D:4

Altars:
Ashenzari
Cheibriados
Dithmenos
Elyvilon
Gozag
Hepliaklqana
Kikubaaqudgha
Okawaru
Qazlal
Ru
Trog
Uskayaw
Vehumet
Wu Jian
Xom
The Shining One

Shops:
D:2 *


Innate Abilities, Weirdness & Mutations

You can breathe waves of freezing cold which knock back foes.
Your icy white scales are hard. (AC +6)
You cannot fit into any form of body armour.
Your flesh is cold resistant. (rC+)
You are cold-blooded and may be slowed by cold attacks.


Message History

You hit the wraith but do no damage.
The wraith is heavily damaged.
The wraith hits you. The wraith drains your vigour!
You feel as though you will be slow longer.
The wraith hits you! The wraith drains your vigour!
You feel as though you will be slow longer.
Casting: Searing Ray (safe; 1% risk of failure)
Confirm with . or Enter, or press ? or * to list all spells.
Aiming: Searing Ray (safe; 1% risk of failure)
Press: ? - help, Shift-Dir - straight line, f/p - wraith
Aim: a wraith (heavily damaged, 81% to hit)
The searing ray hits the wraith.
The wraith is severely damaged. (Press . to maintain the ray.)
The wraith completely misses you.
You barely miss the wraith.
The wraith is severely damaged.
The wraith closely misses you. The wraith hits you!
* * * LOW HITPOINT WARNING * * *
The wraith drains your vigour!
You feel as though you will be slow longer.
You feel better. The wraith hits you!
* * * LOW HITPOINT WARNING * * *
The wraith hits you.
* * * LOW HITPOINT WARNING * * *
The wraith drains your vigour!
You feel as though you will be slow longer.
You feel better. The wraith hits you.
* * * LOW HITPOINT WARNING * * *
The wraith drains your vigour!
You feel as though you will be slow longer.
You feel yourself speed up. The wraith hits you.
* * * LOW HITPOINT WARNING * * *
The wraith hits you but does no damage. The wraith attacks as you move away!
The wraith hits you.
* * * LOW HITPOINT WARNING * * *
The wraith drains your vigour!
You feel as though you will be slow longer.
The wraith attacks as you move away! The wraith hits you!
You die...

## .. #. #.
#.########
###..W.....#
#...@#####.# #.#.##
#.# # #. #.# #. #.#
### #. #.# #.. #.
#.# #.# ..######.#
#.#
.........########.#
............>....#


You could see a wraith.

Vanquished Creatures
  Grinder (D:4)
  Duvessa (D:4)
  2 black bears
  2 centaurs
  2 ogres
  2 phantoms (D:6)
  A kobold brigand (D:4)
  Dowan (D:4)
  2 jellies
  An orc priest (D:4)
  Crazy Yiuf (D:3)
  2 iguanas
  A sleepcap (D:4)
  2 orc wizards (D:4)
  13 adders
  A white imp (D:6)
  2 worms (D:2)
  2 dart slugs
  9 orcs
  9 ball pythons
  8 bats
  6 endoplasms
  3 giant cockroaches
  8 goblins
  6 hobgoblins
  5 quokkas
  9 frilled lizards (D:1)
  7 kobolds
  6 rats
115 creatures vanquished.

Vanquished Creatures (collateral kills)
  An iguana (D:4)
  An orc (D:4)
  A kobold (D:4)
3 creatures vanquished.

Vanquished Creatures (others)
  5 fulminant prisms
  2 withered plants (D:6)
7 creatures vanquished.

Grand Total: 125 creatures vanquished

Notes
Turn   | Place    | Note
-------+----------+-------------------------------------------
     0 | D:1      | dracfodder the Draconian Conjurer began the quest for the
                  | Orb.
     0 | D:1      | Reached XP level 1. HP: 14/14 MP: 3/3
   204 | D:1      | Found a faded altar of an unknown god.
   207 | D:1      | Reached XP level 2. HP: 20/20 MP: 1/5
   253 | D:1      | Learned a level 2 spell: Searing Ray
   936 | D:1      | Reached XP level 3. HP: 26/26 MP: 1/6
  2059 | D:2      | Reached skill level 5 in Conjurations
  2282 | D:2      | Found Nituxkuh's Assorted Antiques.
  2291 | D:2      | Bought a bubbling grey potion for 21 gold pieces
  2440 | D:2      | Reached XP level 4. HP: 31/33 MP: 0/7
  2508 | D:2      | Learned a level 3 spell: Dazzling Flash
  2936 | D:3      | Found a runed translucent door.
  2937 | D:3      | Noticed Crazy Yiuf
  3134 | D:3      | Noticed an ogre
  3185 | D:3      | Killed an ogre
  3186 | D:3      | Reached XP level 5. HP: 38/38 MP: 4/10
  3272 | D:3      | Found a sacrificial altar of Ru.
  3704 | D:3      | Found a glowing golden altar of the Shining One.
  3818 | D:3      | Killed Crazy Yiuf
  3980 | D:4      | Reached XP level 6. HP: 45/45 MP: 7/11
  4031 | D:4      | Reached skill level 1 in Short Blades
  4031 | D:4      | Reached skill level 6 in Conjurations
  4307 | D:4      | Noticed Grinder
  4327 | D:4      | Paralysed by Grinder for 2 turns
  4342 | D:4      | Paralysed by Grinder for 5 turns
  4350 | D:4      | Killed Grinder
  4351 | D:4      | Your scales start taking on an icy white colour.
  4351 | D:4      | Reached XP level 7. HP: 10/51 MP: 1/14
  4351 | D:4      | Gained mutation: Your flesh is cold resistant. (rC+) [White
                  | Draconian growth]
  4609 | D:4      | Noticed Duvessa
  4611 | D:4      | Reached skill level 5 in Spellcasting
  4634 | D:4      | Killed Duvessa
  4634 | D:4      | Noticed Dowan
  4643 | D:4      | Killed Dowan
  4644 | D:4      | Reached skill level 1 in Fighting
  4644 | D:4      | Reached skill level 7 in Conjurations
  4826 | D:4      | Upgraded the game from 0.30-a0-1124-g6e8f0f562f to
                  | 0.31-a0-1-g4198be8af4
  4856 | D:4      | Found a snail-covered altar of Cheibriados.
  5094 | D:4      | Found a staircase to the Ecumenical Temple.
  5434 | Temple   | Entered the Ecumenical Temple
  5593 | Temple   | Became a worshipper of Vehumet
  5618 | D:5      | Entered Level 5 of the Dungeon
  5718 | D:5      | Learned a level 4 spell: Fulminant Prism
  5723 | D:5      | Learned a level 4 spell: Iskenderun's Mystic Blast
  5725 | D:5      | Learned a level 1 spell: Apportation
  5788 | D:5      | Found a bloodstained altar of Trog.
  5798 | D:5      | Reached XP level 8. HP: 59/59 MP: 6/16
  6315 | D:5      | Reached skill level 1 in Staves
  6315 | D:5      | Identified the +0 dagger of the Shoals {protect, rF++ rC+}
  6922 | D:6      | HP: 1/60 [wraith (4)]
  6937 | D:6      | Slain by a wraith

Illustrated notes

Levels and vault maps discovered:
D:1:      erik_arrival_cave_to_civilisation [erik_arrival_cave_to_hall],
          layout_basic, hellmonk_ecumenical_altar_run_dry, minmay_lizard_pond
D:2:      layout_basic, serial_shops, shop, kennysheep_generic_room_15
D:3:      layout_basic, general_overflow_altar, nicolae_ru_sacrificial_ziggurat,
          st_stairs_10, uniq_crazy_yiuf_cottage
D:4:      cheibrodos_old_hovel, layout_basic, mainiacjoe_overflow_tiny_flanked,
          minmay_temple_entry_junction, eino_tiny_chamber,
          minmay_misc_feat_diagonals, uniq_duvessa, uniq_grinder
D:5:      layout_basic, trog_three_pillars_becter, kennysheep_nub,
          hangedman_abyss_or_decor_lesser_grid, nrook_mini_backslash
D:6:      layout_loops_ring, serial_undead, serial_undead_c, serial_undead_d,
          serial_undead_c, serial_undead_e
Temple:   hellmonk_temple_flake

Skill      XL: |  1  2  3  4  5  6  7  8 |
---------------+-------------------------+-----
Conjurations   | 5 6 7 |  7.8
Stealth        | 2 3 |  3.5
Spellcasting   | 3 4 5 6 |  6.2
Dodging        | 2 |  2.8
Short Blades   | 1 |  1.8
Fighting       | 1 |  1.7
Staves         | 1 |  1.5
Throwing       | |  0.6

Action                     |  1- 3 |  4- 6 |  7- 9 || total
---------------------------+-------+-------+-------++-------
  Melee: Club              |     6 |       |       ||     6
         Tailslap          |     2 |       |     8 ||    10
         Dagger            |    12 |     5 |       ||    17
         Punch             |     1 |       |       ||     1
         Quarterstaff      |       |     4 |    30 ||    34
  Throw: Javelin           |       |     2 |       ||     2
   Cast: Magic Dart        |    61 |    38 |    34 ||   133
         Searing Ray       |    15 |    26 |    24 ||    65
         Fulminant Prism   |       |       |     5 ||     5
         Apportation       |       |       |     1 ||     1
    Use: Scroll            |     5 |     3 |     4 ||    12
         Potion            |       |     1 |     3 ||     4
   Stab: Petrifying        |       |       |     1 ||     1
 Armour: Skin              |     6 |     6 |    18 ||    30
  Dodge: Dodged            |     9 |     9 |    33 ||    51

Table legend: (Time is in decaauts)
 A = Elapsed time spent in this place.
 B = Non-inter-level travel time spent in this place.
 C = Inter-level travel time spent in this place.
 D = Time resting spent in this place.
 E = Time spent auto-exploring this place.
 F = Levels seen in this place.
 G = Mean time per level.
                   A        B        C        D        E       F      G
               +--------+--------+--------+--------+--------+-----+--------+
         Total |   6966 |   6810 |    156 |   2526 |   3366 |   7 |  995.1 |
       Dungeon |   6795 |   6665 |    130 |   2526 |   3236 |   6 | 1132.5 |
        Temple |    170 |    144 |     26 |      0 |    130 |   1 |  170.0 |
               +--------+--------+--------+--------+--------+-----+--------+

Top non-repeatable levels by time:
     D:1: 1568 daAuts
     D:4: 1446 daAuts
     D:3: 1266 daAuts
     D:2: 1187 daAuts
     D:5: 1084 daAuts
     D:6: 242 daAuts
  Temple: 170 daAuts
